 Dungeon Crawl Stone Soup version 0.28-a0-1184-g53156a8862 (webtiles) character file.

Game seed: 15086876013476245293

970 ytrimaz the Insei (level 8, 0/52 HPs)
             Began as an Octopode Transmuter on Dec 18, 2021.
             Succumbed to a water moccasin's poison
             ... on level 5 of the Dungeon.
             The game lasted 00:04:56 (6529 turns).

ytrimaz the Insei (Octopode Transmuter)             Turns: 6529, Time: 00:04:56

Health: 0/52       AC:  2    Str: 10    XL:     8   Next: 16%
Magic:  22/24      EV: 19    Int: 17    God:
Gold:   279        SH:  0    Dex: 17    Spells: 10/16 levels left

rFire   . . .      SeeInvis .     - Unarmed
rCold   . . .      Faith    .   (shield currently unavailable)
rNeg    . . .      Spirit   .   (helmet currently unavailable)
rPois   x          Reflect  .   (no amulet)
rElec   .          Harm     .   d - ring of resist corrosion
rCorr   +          Rampage  .   i - ring of magical power
Will    .....                   (no ring)
Stlth   ++........              (no ring)
HPRegen 0.17/turn               (no ring)
MPRegen 0.19/turn               (no ring)
                                (no ring)
                                (no ring)

@: lethally poisoned (0 -> -24), spider-form, hasted, very quick
A: venomous fangs, almost no armour, (amphibious), 8 rings, tiny, (camouflage
1), (gelatinous body 1), (nimble swimmer 1), (tentacles)
a: End Transformation


You were on level 5 of the Dungeon.
You were a venomous arachnid creature.
You visited 1 branch of the dungeon, and saw 5 of its levels.

You collected 279 gold pieces.

Inventory:

Jewellery
 b - a ring of ice
 d - a ring of resist corrosion (left front leg)
 i - a ring of magical power (right front leg)
Scrolls
 a - a scroll of brand weapon
 e - a scroll of torment
 f - a scroll of teleportation
Potions
 g - a potion of mutation {unknown}


   Skills:
 * Level 3.3 Fighting
 - Level 2.0 Dodging
 + Level 5.4 Unarmed Combat
 * Level 4.7 Spellcasting
 * Level 4.7 Transmutations
 * Level 3.2 Poison Magic


You had 10 spell levels left.
You knew the following spells:

 Your Spells              Type           Power      Damage    Failure   Level
a - Beastly Appendage     Tmut           40%        N/A       8%          1
b - Wereblood             Tmut           20%        N/A       11%         2
c - Spider Form           Tmut/Pois      17%        N/A       22%         3

Your spell library contained the following spells:

 Spells                   Type           Power      Damage    Failure   Level
 Apportation              Tloc           8%         N/A       32%         1
 Ice Form                 Ice/Tmut       12%        N/A       71%         4
 Alistair's Intoxication  Tmut/Pois      11%        N/A       80%         5


Dungeon Overview and Level Annotations

Branches:
Dungeon (5/15)
 Temple: D:4-7

Altars:
Elyvilon

Annotations:
D:3 2 transporters, EternalFade's ghost, novice MiBe


Innate Abilities, Weirdness & Mutations

You are a venomous arachnid creature.
You have poisonous fangs.
You are tiny and dextrous.
Your spellcasting is less reliable in this form.
Your armour is entirely melded.
You are incapable of wielding weapons or throwing items.
You cannot wear most types of armour.
((You are amphibious.))
You can wear up to eight rings at the same time.
((Your skin changes colour to match your surroundings (Stealth+).))
((Your rubbery body absorbs attacks. (AC +1, EV +1)))
((You are camouflaged near water. (Stealth+)))
((You have tentacles for arms and can constrict up to eight enemies at once.))


Message History

Casting: Spider Form (dangerous; 9% risk of failure)
Confirm with . or Enter, or press ? or * to list all spells.
You turn into a venomous arachnid creature.
The water moccasin barely misses you.
You hit the water moccasin but do no damage.
The water moccasin completely misses you.
You bite the water moccasin!
The water moccasin is moderately wounded.
The water moccasin bites you. The water moccasin misses you.
You barely miss the water moccasin.
The water moccasin is moderately wounded.
The water moccasin bites you.
You are lethally poisoned!
The water moccasin poisons you!
You closely miss the water moccasin.
The water moccasin is moderately wounded.
You feel very sick. The water moccasin misses you.
You barely miss the water moccasin.
The water moccasin is moderately wounded.
You feel very sick. The water moccasin misses you.
Unknown command.
You feel better. The water moccasin misses you. The water moccasin bites you!
Unknown command.
You closely miss the water moccasin.
The water moccasin is moderately wounded.
The water moccasin bites you.
* * * LOW HITPOINT WARNING * * *
You are lethally poisoned!
The water moccasin poisons you!
You bite the water moccasin!
The water moccasin is heavily wounded.
* * * LOW HITPOINT WARNING * * *
You feel very sick. The water moccasin bites you.
* * * LOW HITPOINT WARNING * * *
Unknown command.
It was a potion of haste.
You feel yourself speed up.
You die...

........ ...............
........ ...............
..[..... ...............
........................
........................
........ ......../......
........ ......S........
)# ####### #....s.......
.###≈..≈≈###.......>....
.##≈≈≈..P.##............
.#.≈≈.≈.≈≈b#...........)
.###≈#######............
...#b#..................
.###≈#.#####..##.#######
##≈..#.#.≈l##.##.#
.##≈.#.#≈.###.##.#


You could see a water moccasin and a frilled lizard.

Vanquished Creatures
  Edmund (D:5)
  2 necrophages (D:4)
  An ogre (D:5)
  A centaur (D:4)
  A phantom (D:4)
  Blork the orc (D:4)
  2 scorpions (D:4)
  2 jellies (D:4)
  Natasha (D:3)
  An orc wizard (D:4)
  6 adders
  An ufetubus (D:4)
  An adder zombie (D:4)
  A worm (D:2)
  3 dart slugs
  5 orcs
  7 endoplasms
  7 giant cockroaches
  6 goblins
  9 hobgoblins
  2 quokkas (D:2)
  3 ball pythons
  8 bats
  5 frilled lizards
  4 kobolds
  2 rats (D:1)
83 creatures vanquished.

Vanquished Creatures (collateral kills)
  A bat (D:1)
1 creature vanquished.

Vanquished Creatures (others)
  7 fungi (D:5)
  3 plants (D:1)
10 creatures vanquished.

Grand Total: 94 creatures vanquished

Notes
Turn   | Place    | Note
-------+----------+-------------------------------------------
     0 | D:1      | ytrimaz the Octopode Transmuter began the quest for the
                  | Orb.
     0 | D:1      | Reached XP level 1. HP: 13/13 MP: 3/3
   412 | D:1      | Reached XP level 2. HP: 18/18 MP: 3/5
  1330 | D:1      | Reached XP level 3. HP: 18/23 MP: 4/6
  1333 | D:1      | Learned a level 2 spell: Wereblood
  1337 | D:1      | Learned a level 3 spell: Spider Form
  2128 | D:2      | Found a faded altar of an unknown god.
  2282 | D:2      | Reached XP level 4. HP: 29/29 MP: 5/7
  3283 | D:3      | Noticed Natasha
  3290 | D:3      | Killed Natasha
  3291 | D:3      | Reached skill level 1 in Poison Magic
  3292 | D:3      | Found a transporter.
  3293 | D:3      | Noticed EternalFade's ghost (novice MiBe)
  3295 | D:3      | Noticed an ogre
  3296 | D:3      | Noticed an ogre
  3301 | D:3      | Found a transporter.
  3576 | D:4      | Noticed Blork the orc
  3583 | D:4      | Killed Blork the orc
  3584 | D:4      | Reached XP level 5. HP: 34/34 MP: 5/9
  3593 | D:4      | Noticed a centaur
  3826 | D:4      | Killed a centaur
  3827 | D:4      | Reached skill level 4 in Unarmed Combat
  3827 | D:4      | Reached XP level 6. HP: 27/39 MP: 6/11
  3934 | D:4      | Found a white marble altar of Elyvilon.
  4647 | D:4      | Reached XP level 7. HP: 24/45 MP: 12/12
  6133 | D:4      | Reached skill level 5 in Unarmed Combat
  6417 | D:5      | Entered Level 5 of the Dungeon
  6430 | D:5      | Reached XP level 8. HP: 37/52 MP: 14/14
  6459 | D:5      | Noticed Edmund
  6484 | D:5      | Killed Edmund
  6529 | D:5      | Succumbed to a water moccasin's poison

Illustrated notes

Levels and vault maps discovered:
D:1:      elethiomel_arrival_maze, layout_basic, serial_bayou_crossing
D:2:      layout_basic, chequers_ecumenical_altar_grove,
          minmay_stone_trees_small, minmay_bisected
D:3:      layout_loops_corners, gammafunk_ghost_smash, skrybe_limestone_x,
          uniq_natasha
D:4:      minmay_chambers_of_twos, layout_basic,
          nicolae_elyvilon_peaceful_grove, minmay_pentangle, uniq_blork_the_orc
D:5:      layout_basic, minmay_temple_entry_mist, cheibrodos_sewer_entry_bend,
          enter_ossuary_1, serial_aquarium, aquarium_bridge_square
          [aquarium_subvault_bridge, aquarium_subvault_bridge,
          aquarium_subvault_balcony, aquarium_subvault_wall], aquarium_window_1,
          aquarium_window_fake, aquarium_view_2b, aquarium_balcony_double_4,
          uniq_edmund, uniq_menkaure, uniq_duvessa, uniq_ijyb

Skill      XL: |  1  2  3  4  5  6  7 |
---------------+----------------------+-----
Transmutations | 3 4 |  4.7
Poison Magic   | 1 2 3 |  3.2
Fighting       | 2 3 |  3.3
Spellcasting   | 3 4 |  4.7
Unarmed Combat | 4 5 |  5.4
Dodging        | |  2.0

Action                   |  1- 3 |  4- 6 |  7- 9 || total
-------------------------+-------+-------+-------++-------
Melee: Unarmed           |    90 |    84 |    83 ||   257
       Constrict         |    27 |    10 |    10 ||    47
       Tentacles         |    15 |     9 |    12 ||    36
       Kick              |     9 |    13 |     6 ||    28
       Punch             |       |     1 |     1 ||     2
 Cast: Beastly Appendage |    19 |    16 |     3 ||    38
       Spider Form       |     1 |     6 |     5 ||    12
  Use: Scroll            |     5 |     3 |     2 ||    10
       Potion            |       |       |     2 ||     2
 Stab: Sleeping          |     3 |     5 |     2 ||    10
Armor: Skin              |    13 |     5 |     1 ||    19
Dodge: Dodged            |    95 |    50 |    63 ||   208

Table legend: (Time is in decaauts)
 A = Elapsed time spent in this place.
 B = Non-inter-level travel time spent in this place.
 C = Inter-level travel time spent in this place.
 D = Time resting spent in this place.
 E = Time spent auto-exploring this place.
 F = Levels seen in this place.
 G = Mean time per level.
                   A        B        C        D        E       F      G
               +--------+--------+--------+--------+--------+-----+--------+
         Total |   6507 |   6418 |     89 |    809 |   4761 |   5 | 1301.4 |
       Dungeon |   6507 |   6418 |     89 |    809 |   4761 |   5 | 1301.4 |
               +--------+--------+--------+--------+--------+-----+--------+

Top non-repeatable levels by time:
     D:4: 2843 daAuts
     D:1: 1412 daAuts
     D:3: 1145 daAuts
     D:2: 996 daAuts
     D:5: 108 daAuts
